Map: Realities Simulation LE

Players

cherry

  • Race: Zerg Zerg
  • League: Diamond
  • Spawn Location: 11:00

Winter

  • Race: Protoss Protoss
  • Spawn Location: 9:00

badman

  • Race: Protoss Protoss
  • Spawn Location: 12:00

shadOw - Winner!

  • Race: Zerg Zerg
  • League: Master
  • Spawn Location: 3:00

IIIlllIII - Winner!

  • Race: Terran Terran
  • League: Master
  • Spawn Location: 5:00

MCMXI - Winner!

  • Race: Terran Terran
  • Spawn Location: 6:00

VOD

Have the link to the VOD?

Description

Time

  • Played on: April 24, 2022, 6:58 a.m.
  • Length: 11:34
Show
View Real Time Build Order
Export as new Build Order

cherry Zerg 

Build Orders: Hatch First 

Get SALT Encoding   

  12  0:03  Drone  
  13  0:13  Drone  
  14  0:27  Overlord  
  14  0:29  Extractor  
  14  0:31  Extractor  
  14  0:33  Drone x2  
  16  0:46  Drone  
  17  0:56  Hatchery  
  16  0:59  Drone  
  16  1:01  Drone  
  18  1:14  Extractor  
  18  1:16  Spawning Pool  
  16  1:19  Drone  
  16  1:23  Drone  
  18  1:33  Drone  
  19  1:42  Drone  
  20  2:00  Hatchery  
  19  2:05  Queen  
  19  2:07  Drone  
  22  2:09  Drone  
  22  2:10  Drone  
  24  2:16  Metabolic Boost  
  24  2:20  Drone  
  25  2:23  Drone  
  25  2:27  Drone  
  27  2:31  Overlord  
  27  2:43  Drone  
  28  2:45  Overlord  
  28  2:52  Zergling x4  
  30  2:59  Zergling x2  
  30  3:03  Zergling x2  
  32  3:07  Queen  
  32  3:09  Zergling x2  
  35  3:14  Zergling x4, Queen  
  35  3:18  Zergling x4  
  35  3:19  Zergling x2  
  42  3:20  Queen  
  42  3:25  Zergling x4  
  42  3:26  Zergling x2  
  47  3:37  Zergling x6  
  50  3:45  Overlord x2  
  50  3:55  Lair  
  50  4:01  Drone  
  50  4:02  Drone  
  45  4:10  Zergling x2  
  45  4:11  Zergling x6  
  45  4:14  Zergling x4  
  51  4:17  Drone  
  51  4:18  Drone  
  50  4:29  Drone x4  
  50  4:30  Drone  
  50  4:34  Extractor  
  50  4:36  Extractor  
  50  4:37  Drone x3  
  50  4:38  Extractor  
  50  4:40  Overlord x2  
  50  4:45  Drone  
  51  4:48  Drone  
  51  4:49  Overlord  
  50  5:06  Drone  
  50  5:07  Drone x9  
  57  5:13  Zergling x4  
  57  5:14  Zergling x2  
  61  5:18  Zergling x2  
  61  5:19  Zergling x2  
  63  5:27  Zergling x4  
  62  5:30  Zergling x4  
  62  5:31  Zergling x4  
  62  5:33  Spine Crawler  
  65  5:41  Zergling x4  
  65  5:42  Zergling x8  
  62  5:56  Zergling x2  
  62  5:57  Zergling x10  
  61  6:01  Zergling x4  
  61  6:04  Zergling x10  
  69  6:08  Zergling x4  
  69  6:09  Zergling x4  
  72  6:13  Zergling x2  
  70  6:20  Zergling x4  
  70  6:24  Evolution Chamber  
  71  6:25  Evolution Chamber  
  71  6:27  Infestation Pit  
  69  6:38  Drone x5  
  69  6:39  Drone x5  
  75  6:49  Zergling x4  
  75  6:50  Zergling x4  
  72  6:54  Zergling x4  
  72  7:00  Zergling x8  
  69  7:06  Zerg Melee Weapons Level 1  
  69  7:07  Zerg Ground Armor Level 1  
  69  7:09  Hive  
  69  7:15  Zergling x8  
  71  7:16  Zergling x4  
  71  7:22  Zergling x2  
  76  7:36  Extractor, Zergling x10  
  80  7:37  Extractor  
  79  7:47  Baneling Nest  
  79  7:48  Overlord x5  
  79  7:49  Overlord  
  71  8:05  Zergling x2  
  71  8:06  Zergling x20  
  71  8:09  Zergling x2  
  71  8:12  Zergling x6  
  84  8:16  Zergling x2  
  85  8:21  Zergling x6  
  85  8:22  Adrenal Glands  
  88  8:28  Ultralisk Cavern, Zergling x6  
  88  8:31  Zergling x6  
  88  8:32  Baneling x4  
  88  8:33  Baneling x2, Zergling x4  
  83  8:45  Zergling x6  
  85  8:55  Zergling x8  
  84  8:56  Zergling x6  
  81  9:03  Drone x2  
  81  9:05  Queen  
  81  9:07  Zerg Ground Armor Level 2  
  81  9:09  Zerg Melee Weapons Level 2  
  85  9:12  Drone x3  
  85  9:13  Drone x3  
  87  9:29  Chitinous Plating  
  87  9:30  Hatchery  
  79  9:46  Zergling x22  
  79  9:48  Ultralisk x2  
  102  9:56  Ultralisk  
  108  10:01  Zergling x4  
  105  10:12  Zergling x2  
  105  10:13  Zergling x14  
  105  10:14  Zergling x2  
  107  10:16  Zergling x8  
  95  10:23  Zergling x4  
  95  10:32  Zergling x4  
  88  10:37  Zergling x6  
  86  10:45  Zergling x8  
  86  10:48  Anabolic Synthesis  
  86  10:55  Zergling x4  
  85  11:01  Zergling x4  
  84  11:10  Zergling x2  
  84  11:11  Zergling x4  
  78  11:13  Zergling x2  
Show
View Real Time Build Order
Export as new Build Order

Winter Protoss 

Build Orders: Oracle Opening 

Get SALT Encoding   

  12  0:02  Probe  
  13  0:14  Probe  
  14  0:24  Pylon  
  14  0:26  Probe  
  15  0:42  Probe (Chrono Boost)  
  16  0:48  Gateway  
  16  0:50  Assimilator  
  16  0:53  Probe (Chrono Boost)  
  16  0:56  Assimilator  
  17  0:58  Probe (Chrono Boost)  
  18  1:08  Probe (Chrono Boost)  
  20  1:19  Probe (Chrono Boost)  
  20  1:22  Pylon  
  20  1:24  Probe (Chrono Boost)  
  21  1:34  Probe  
  22  1:42  Cybernetics Core  
  22  1:47  Probe  
  22  2:14  Nexus  
  22  2:19  Stalker (Chrono Boost)  
  22  2:20  Pylon  
  24  2:27  Probe  
  25  2:36  Stargate  
  25  2:44  Stalker  
  27  2:57  Probe  
  28  3:09  Probe  
  29  3:14  Shield Battery  
  29  3:16  Shield Battery, Stargate  
  29  3:23  Oracle (Chrono Boost)  
  32  3:29  Probe  
  32  3:32  Probe  
  34  3:46  Probe x2  
  34  3:48  Assimilator  
  36  4:00  Probe (Chrono Boost)  
  36  4:02  Phoenix x2  
  43  4:10  Probe (Chrono Boost)  
  43  4:11  Probe (Chrono Boost)  
  43  4:13  Assimilator  
  43  4:16  Probe  
  43  4:20  Probe  
  45  4:28  Probe  
  46  4:36  Phoenix x2 (Chrono Boost)  
  47  4:41  Probe x2  
  49  4:49  Pylon  
  49  4:53  Probe x2  
  49  4:55  Forge  
  55  5:07  Probe  
  55  5:08  Probe  
  55  5:13  Void Ray  
  53  5:22  Phoenix  
  47  5:47  Phoenix  
  47  5:55  Void Ray  
  43  6:12  Phoenix  
  43  6:14  Probe (Chrono Boost)  
  47  6:19  Probe (Chrono Boost)  
  47  6:28  Pylon  
  47  6:32  Phoenix  
  47  6:33  Probe (Chrono Boost)  
  54  6:43  Void Ray (Chrono Boost)  
  54  6:45  Probe (Chrono Boost)  
  55  6:47  Pylon  
  55  6:52  Fleet Beacon  
  55  6:57  Phoenix (Chrono Boost)  
  53  7:08  Probe  
  53  7:09  Probe  
  53  7:12  Photon Cannon, Shield Battery  
  53  7:14  Phoenix (Chrono Boost)  
  53  7:15  Phoenix (Chrono Boost)  
  57  7:20  Stargate  
  59  7:30  Probe  
  59  7:31  Probe  
  61  7:38  Pylon, Phoenix x2 (Chrono Boost)  
  61  7:43  Probe  
  66  7:46  Anion Pulse-Crystals  
  66  7:54  Phoenix  
  49  8:35  Carrier (Chrono Boost)  
  49  8:38  Assimilator  
  49  8:41  Pylon  
  49  8:51  Pylon  
  49  9:01  Carrier (Chrono Boost)  
  55  9:12  Nexus, Pylon  
  55  9:22  Photon Cannon  
  55  9:23  Shield Battery, Carrier  
Show
View Real Time Build Order
Export as new Build Order

badman Protoss 

Build Orders:  

Get SALT Encoding   

  12  0:00  Probe  
  13  0:12  Probe  
  14  0:25  Probe  
  15  0:30  Pylon  
  15  0:48  Probe (Chrono Boost)  
  15  0:49  Forge  
  16  1:00  Probe (Chrono Boost)  
  17  1:05  Probe (Chrono Boost)  
  17  1:06  Pylon  
  18  1:14  Probe  
  19  1:27  Photon Cannon, Gateway  
  19  1:29  Pylon  
  19  1:45  Photon Cannon  
  18  2:02  Pylon  
  18  2:04  Pylon  
  18  2:05  Probe  
  18  2:06  Assimilator  
  19  2:14  Assimilator  
  19  2:28  Nexus  
  19  2:35  Photon Cannon  
  19  2:48  Probe (Chrono Boost)  
  20  2:54  Cybernetics Core  
  20  2:58  Probe (Chrono Boost)  
  22  3:12  Probe  
  22  3:18  Gateway  
  22  3:24  Probe  
  23  3:27  Warp Gate (Chrono Boost)  
  23  3:35  Twilight Council  
  23  3:38  Probe (Chrono Boost)  
  24  3:44  Probe (Chrono Boost)  
  25  3:50  Probe (Chrono Boost)  
  25  3:54  Probe (Chrono Boost)  
  27  3:57  Probe (Chrono Boost)  
  27  4:00  Probe (Chrono Boost)  
  29  4:03  Probe  
  29  4:07  Gateway  
  30  4:10  Probe  
  30  4:15  Probe  
  32  4:18  Blink (Chrono Boost)  
  32  4:20  Pylon  
  32  4:22  Probe  
  33  4:34  Probe  
  34  4:38  Probe  
  35  4:46  Gateway, Probe  
  35  4:52  Gateway  
  36  4:54  Gateway  
  36  5:08  Pylon  
  36  5:11  Shield Battery  
  36  5:12  Gateway  
  36  5:15  Stalker  
  36  5:16  Stalker  
  40  5:39  Stalker x2  
  44  5:50  Stalker x3  
  48  6:05  Stalker x2  
  48  6:32  Stalker  
  48  6:33  Stalker x4  
  58  6:49  Assimilator  
  58  6:51  Assimilator  
  58  6:53  Pylon  
  58  6:57  Charge (Chrono Boost)  
  56  7:08  Stalker x6  
  68  7:20  Pylon, Probe  
  68  7:21  Probe  
  70  7:27  Pylon  
  70  7:30  Photon Cannon x2  
  70  7:33  Probe x2  
  72  7:40  Zealot x5  
  82  7:46  Pylon  
  82  8:10  Zealot x4  
  82  8:11  Zealot x2  
  65  8:47  Stalker x6  
  61  9:14  Robotics Facility  
  59  9:18  Zealot  
  59  9:19  Zealot x5  
  71  9:42  Nexus, Forge  
  71  9:44  Pylon  
  71  9:45  Forge  
  61  10:07  Observer  
  62  10:09  Robotics Bay  
  62  10:10  Probe  
  59  10:28  Observer  
Show
View Real Time Build Order
Export as new Build Order

shadOw Zerg - Winner!

Build Orders: Hatch First 

Get SALT Encoding   

  12  0:00  Drone  
  13  0:13  Drone  
  14  0:16  Overlord  
  14  0:26  Extractor  
  14  0:27  Drone  
  15  0:35  Drone  
  16  0:52  Hatchery  
  16  0:55  Drone  
  16  0:56  Drone  
  17  1:13  Extractor  
  17  1:16  Spawning Pool  
  16  2:03  Hatchery  
  16  2:04  Queen  
  16  2:05  Zergling x6  
  20  2:17  Zergling x2  
  21  2:28  Overlord  
  21  2:40  Drone  
  21  2:46  Queen  
  23  2:56  Zergling x2  
  24  3:04  Metabolic Boost  
  24  3:06  Zergling x2  
  25  3:23  Queen  
  27  3:34  Drone x6  
  33  3:47  Hatchery  
  32  3:52  Baneling Nest  
  31  4:02  Zergling x8  
  35  4:07  Zergling x2  
  30  4:20  Zergling x2  
  30  4:21  Zergling x6  
  29  4:34  Zergling x4  
  31  4:42  Spore Crawler  
  27  5:14  Zergling x18  
  34  5:25  Zergling x6  
  33  5:36  Queen  
  33  5:47  Drone x2  
  36  5:50  Drone x2  
  35  6:06  Zergling x8  
  34  6:15  Zergling x6  
  34  6:25  Zergling x6  
  35  6:29  Zergling x2  
  35  6:30  Zergling x2  
  37  6:46  Zergling x2  
  40  6:47  Zergling x10  
  33  6:56  Drone x3  
  33  6:59  Zergling x2  
  35  7:08  Zergling x6  
  38  7:13  Drone x2  
  39  7:43  Zergling x4  
  41  7:45  Overlord x3  
  41  7:46  Baneling  
  41  7:47  Baneling x3  
  38  8:17  Zergling x24  
  38  8:18  Zergling x10  
  49  8:32  Zergling x2  
  49  8:33  Zergling x12  
  54  8:40  Zergling x2  
  54  8:41  Zergling x4  
  56  9:04  Drone x2  
  56  9:05  Drone  
  58  9:18  Lair  
  58  9:19  Drone x2  
  58  9:22  Drone x2, Extractor  
  61  9:24  Drone x3, Extractor  
  61  9:25  Drone  
  61  9:26  Drone x2, Extractor  
  65  9:32  Baneling x5  
  51  10:15  Drone x3  
  51  10:17  Drone x2  
  51  10:18  Drone x2  
  48  10:21  Zergling x2  
  48  10:22  Zergling x16  
  48  10:23  Overlord  
  48  10:24  Overlord  
  56  10:54  Hatchery  
  55  10:59  Hydralisk Den  
  54  11:09  Hatchery  
  53  11:20  Evolution Chamber  
  53  11:23  Evolution Chamber  
Show
View Real Time Build Order
Export as new Build Order

IIIlllIII Terran - Winner!

Build Orders: 2 Factory, Cyclone Opening 

Get SALT Encoding   

  12  0:01  SCV  
  13  0:14  SCV  
  14  0:17  Supply Depot  
  14  0:26  SCV  
  15  0:39  SCV  
  15  0:42  Refinery  
  16  0:45  Barracks  
  16  0:51  SCV  
  17  1:03  SCV  
  18  1:15  SCV  
  19  1:32  Marine  
  21  1:34  Orbital Command  
  21  1:35  Refinery  
  21  1:38  Supply Depot  
  20  1:47  Factory  
  20  2:00  SCV  
  20  2:09  Supply Depot, Barracks Tech Lab  
  20  2:25  SCV  
  22  2:38  Cyclone  
  22  2:40  Command Center  
  22  2:42  Mag-Field Accelerator  
  24  2:46  SCV  
  25  2:53  Supply Depot  
  25  2:58  SCV  
  25  3:06  Factory  
  25  3:10  SCV  
  26  3:18  Cyclone  
  29  3:22  SCV  
  30  3:32  Supply Depot  
  30  3:34  SCV  
  31  3:46  SCV  
  32  3:50  Cyclone  
  32  3:51  Orbital Command  
  35  3:57  Factory  
  35  3:59  Factory Tech Lab  
  33  4:02  SCV  
  33  4:11  Refinery  
  33  4:18  Cyclone  
  33  4:23  SCV x2  
  38  4:32  Refinery  
  38  4:38  Engineering Bay  
  38  4:39  SCV x2  
  38  4:43  Cyclone  
  38  4:44  Factory Tech Lab  
  43  4:51  SCV  
  44  4:52  Supply Depot  
  44  4:53  SCV  
  44  4:59  Factory  
  45  5:05  Cyclone  
  48  5:13  Cyclone  
  51  5:22  Cyclone  
  54  5:32  SCV  
  54  5:33  SCV  
  56  5:37  Cyclone  
  56  5:38  Missile Turret  
  56  5:39  Supply Depot  
  59  5:49  Missile Turret, SCV x2  
  61  5:52  Cyclone  
  61  5:59  Cyclone  
  61  6:09  Cyclone  
  61  6:24  Cyclone  
  61  6:31  Cyclone  
  58  6:36  Factory Tech Lab  
  58  6:41  Cyclone  
  58  6:56  Cyclone  
  58  6:58  SCV x2  
  60  7:01  Cyclone  
  60  7:03  Cyclone  
  60  7:04  Supply Depot  
  66  7:10  SCV x2  
  66  7:14  Cyclone  
  71  7:22  SCV  
  71  7:23  SCV  
  71  7:28  Cyclone  
  76  7:30  Command Center  
  76  7:35  Cyclone x2  
  82  7:44  Supply Depot  
  82  7:46  SCV  
  82  7:47  SCV  
  82  7:48  Cyclone  
  87  8:00  Cyclone  
  90  8:07  Cyclone  
  90  8:11  Cyclone  
  93  8:24  Cyclone  
  96  8:33  Cyclone  
  90  8:39  Cyclone  
  78  8:45  Cyclone  
  78  8:47  SCV x2  
  84  8:49  Orbital Command  
  84  8:51  Refinery  
  83  8:57  Cyclone  
  83  8:59  SCV  
  83  9:01  SCV  
  88  9:06  Supply Depot x2  
  88  9:11  Cyclone, Refinery, SCV  
  88  9:13  Cyclone, SCV  
  88  9:15  SCV  
  97  9:23  Cyclone, SCV  
  101  9:25  SCV  
  101  9:27  SCV  
  103  9:35  SCV  
  103  9:37  SCV  
  105  9:39  Armory, SCV  
  105  9:40  Armory  
  106  9:46  Cyclone  
  106  9:47  SCV  
  106  9:48  Cyclone  
  106  9:49  SCV  
  106  9:52  SCV  
  115  9:53  Supply Depot  
  115  9:57  Cyclone  
  118  10:00  Cyclone  
  121  10:18  Cyclone  
  121  10:20  Cyclone  
  121  10:29  Cyclone  
  121  10:32  Cyclone  
  97  10:50  Cyclone  
  97  10:52  Cyclone  
  94  11:01  Cyclone  
  94  11:10  Supply Depot  
  94  11:12  Supply Depot  
  94  11:13  Supply Depot  
  85  11:21  Supply Depot  
  91  11:26  Supply Depot x2  
  91  11:34  Command Center  
Show
View Real Time Build Order
Export as new Build Order

MCMXI Terran - Winner!

Build Orders:  

Get SALT Encoding   

  12  0:00  SCV  
  13  0:12  SCV  
  14  0:18  Supply Depot  
  14  0:24  SCV  
  15  0:39  SCV  
  15  0:41  Barracks  
  16  0:49  Supply Depot  
  16  0:52  Refinery  
  16  0:55  SCV  
  17  1:11  SCV  
  18  1:23  SCV  
  19  1:34  Barracks  
  20  1:41  Reaper  
  20  1:46  Orbital Command  
  20  2:05  Refinery  
  20  2:10  Command Center  
  20  2:12  SCV  
  21  2:26  Reaper  
  21  2:29  SCV  
  23  2:31  Reaper  
  23  2:35  Supply Depot  
  24  2:41  SCV  
  25  2:53  SCV  
  25  2:55  Factory  
  26  3:05  Barracks Tech Lab, SCV  
  26  3:11  Barracks Reactor  
  27  3:17  SCV  
  28  3:23  Orbital Command  
  28  3:25  Stimpack  
  28  3:26  Marine  
  29  3:30  SCV  
  30  3:38  Orbital Command  
  30  3:42  SCV  
  30  3:45  Starport  
  31  3:52  Marine x3  
  34  3:55  Factory Reactor  
  34  3:58  SCV  
  35  4:03  Engineering Bay  
  35  4:16  Marine x2  
  35  4:17  Marine  
  37  4:30  Barracks  
  37  4:32  SCV  
  37  4:34  SCV  
  39  4:44  SCV  
  40  4:46  SCV  
  40  4:47  Missile Turret  
  40  4:49  Missile Turret  
  41  4:55  Terran Infantry Weapons Level 1  
  41  4:56  SCV  
  41  4:58  SCV  
  43  5:06  Factory Tech Lab  
  43  5:08  SCV  
  43  5:10  Marine x3, SCV  
  48  5:17  Supply Depot  
  48  5:19  Medivac x2  
  48  5:20  Command Center, SCV  
  53  5:23  SCV  
  54  5:38  Marine x4, SCV  
  56  5:51  Barracks  
  56  5:56  Marine x2  
  53  5:57  Barracks, SCV x2  
  53  6:02  Refinery  
  53  6:03  Supply Depot, Refinery  
  54  6:05  Armory  
  54  6:08  Combat Shield  
  54  6:09  SCV  
  54  6:10  Medivac x2  
  59  6:14  Supply Depot  
  59  6:15  Supply Depot, Barracks Tech Lab  
  59  6:18  Marine x3  
  62  6:33  SCV x2  
  62  6:36  Marine x3  
  67  6:41  Missile Turret  
  67  6:42  Planetary Fortress  
  67  6:45  SCV x2  
  69  6:49  Marine  
  69  6:50  Marine x2  
  69  6:54  Marine x3  
  74  7:02  Medivac, Siege Tank  
  74  7:07  Marine x2  
  74  7:08  Marine  
  82  7:10  SCV x2  
  82  7:11  Marine  
  82  7:12  Marine  
  82  7:15  Terran Infantry Armor Level 1  
  86  7:19  SCV  
  86  7:22  SCV x2  
  89  7:24  Engineering Bay  
  89  7:26  Barracks Tech Lab, Barracks Reactor  
  89  7:31  Factory, SCV  
  89  7:34  SCV x2  
  92  7:39  Marine x4  
  96  7:46  Marine  
  97  7:57  Marine x4  
  101  8:06  Marine  
  101  8:09  Marine  
  101  8:10  Marine, Medivac  
  101  8:17  Medivac  
  101  8:27  Factory Reactor  
  101  8:39  Marine  
  101  8:50  Marine  
  101  8:51  Marine x5  
  101  8:53  Supply Depot, Thor  
  101  8:54  Supply Depot  
  101  8:55  Concussive Shells, Supply Depot x2  
  110  8:57  Marine  
  110  8:58  Supply Depot  
  94  9:05  Widow Mine x2  
  94  9:08  Marine  
  94  9:09  Marine x5  
  104  9:10  SCV  
  104  9:11  SCV x2  
  104  9:13  Terran Infantry Armor Level 2  
  104  9:14  Terran Infantry Weapons Level 2  
  104  9:15  Marauder  
  109  9:23  SCV x2  
  111  9:24  Refinery  
  111  9:26  Marine  
  111  9:27  Marine x5  
  117  9:36  Marine  
  117  9:37  Thor  
  124  9:44  Marine x3  
  124  9:45  Marine, Marauder x2  
  132  9:50  Command Center  
  129  9:54  Marauder  
  131  10:02  Marine x4  
  131  10:04  Widow Mine  
  131  10:05  Widow Mine  
  131  10:06  Marauder x2  
  143  10:13  Refinery  
  143  10:15  Marauder, SCV x3  
  143  10:17  Supply Depot  
  143  10:19  Marine, Thor  
  143  10:20  Marine, Supply Depot  
  156  10:21  Supply Depot  
  156  10:32  Marauder  
  156  10:37  Marine x2  
  156  10:39  Marine x4  
  161  10:47  SCV x2  
  161  10:48  SCV  
  164  10:53  Marine  
  164  10:54  Marine, Widow Mine x2  
  164  10:55  Marine  
  164  10:56  Marine x3  
  164  10:57  Marine  
  171  10:59  SCV  
  171  11:00  SCV  
  180  11:11  Marine  
  179  11:12  Marine x2  
  179  11:14  Marine  
Tags
 
Add a new tag
Caveats
  • Supply blocks, unpowered buildings, or Contaminate may cause inaccurate times.
  • Supply counts are checked every 10 seconds.